 Dungeon Sprint DCSS version 0.24.0-123-gd5b16e6ec5 (webtiles) character file.

Game seed: 10428671914422721366, levelgen mode: deterministic

352 McKennaii the Cleaver (level 6, -14/54 HPs)
             Began as a Demonspawn Fighter on Dec 23, 2019.
             Was a High Priest of Makhleb.
             Killed from afar by a lindwurm (24 damage)
             ... with a blast of flame
             ... in the Dungeon (Sprint VII: "The Pits").
             The game lasted 00:03:15 (629 turns).

McKennaii the Cleaver (Demonspawn Fighter)           Turns: 629, Time: 00:03:15

Health: -14/54     AC: 14    Str: 17    XL:     6   Next: 34%
Magic:  6/6        EV:  6    Int:  9    God:    Makhleb [*****.]
Gold:   0          SH: 10    Dex: 14    Spells: 5/5 levels left

rFire    . . .     SeeInvis .   b - +2 hand axe (freeze)
rCold    . . .     Gourm    .   c - +0 shield
rNeg     . . .     Faith    .   p - +3 chain mail
rPois    .         Spirit   .   (no helmet)
rElec    .         Reflect  .   (no cloak)
rCorr    .         Harm     .   (no gloves)
MR       .....     NoTele   +   (no boots)
Stlth    ..........             (no amulet)
HPRegen  0.18/turn              (no ring)
MPRegen  0.10/turn              (no ring)

@: no status effects
A: rugged brown scales 1
a: Minor Destruction, Lesser Servant of Makhleb, Major Destruction, Greater
Servant of Makhleb, Renounce Religion


You were in the Dungeon.
You worshipped Makhleb.
Makhleb was extremely pleased with you.
You were not hungry.

You visited 1 branch

Inventory:

Hand Weapons
 a - a +0 war axe
 b - a +2 hand axe of freezing (weapon)
Armour
 c - a +0 shield (worn)
 p - a +3 chain mail (worn)
Scrolls
 k - a scroll of blinking
 m - 3 scrolls of remove curse
 n - 5 scrolls of amnesia
 o - a scroll of summoning
Potions
 d - a potion of might
 e - 6 potions of curing
 g - 6 potions of heal wounds
 h - a potion of haste
 i - 4 potions of magic
 j - 3 potions of berserk rage
 l - 2 potions of invisibility
Comestibles
 f - 9 rations
 q - 7 chunks of flesh


   Skills:
 + Level 6.5 Fighting
 * Level 8.1 Axes
 + Level 6.0 Armour
 + Level 1.9 Dodging
 + Level 6.1 Shields


You had 5 spell levels left.
You didn't know any spells.
Your spell library was empty.

Dungeon Overview and Level Annotations

Branches:
Dungeon (1/1)

Altars:
Ashenzari
Cheibriados
Dithmenos
Elyvilon
Fedhas
Gozag
Hepliaklqana
Kikubaaqudgha
Makhleb
Nemelex Xobeh
Okawaru
Qazlal
Ru
Sif Muna
Trog
Uskayaw
Vehumet
Wu Jian
Xom
Yredelemnul
Zin
The Shining One
Beogh
Jiyva
Lugonu


Innate Abilities, Weirdness & Mutations

You are partially covered in rugged brown scales. (AC +1, +3% HP)


Message History

You block the lindwurm's attack.
The lindwurm claws you but does no damage.
You block the lindwurm's attack.
You hit the lindwurm. You freeze the lindwurm.
The lindwurm is moderately wounded.
You block the lindwurm's attack. The lindwurm closely misses you.
The lindwurm claws you but does no damage.
Your shield and chain mail prevent you from hitting the lindwurm.
The lindwurm is moderately wounded.
The lindwurm bites you but does no damage.
The lindwurm claws you but does no damage. x2
You hit the lindwurm. You freeze the lindwurm.
The lindwurm is moderately wounded.
You block the lindwurm's attack. x2; The lindwurm claws you.
* * * LOW HITPOINT WARNING * * *
You hit the lindwurm. You freeze the lindwurm.
The lindwurm is moderately wounded.
The lindwurm breathes flames at you. The blast of flame hits you!!
You die...

#.#.['.))).##.......#
#)#..#[).).##.......#
#'###########.......#
#)......# #########
#...#...# #...#...#
#.##.##.#+#
#...#...#k+
#...#...#@#
#.......).#
###########


You could see a lindwurm.

Vanquished Creatures
  A floating eye (D)
  A big kobold (D)
  2 orc wizards (D)
  2 gnoll shamans (D)
  5 gnolls (D)
  An adder (D)
  An ufetubus (D)
  2 orcs (D)
  A bat (D)
  A hobgoblin (D)
  5 jackals (D)
  A frilled lizard (D)
  2 kobolds (D)
  A leopard gecko skeleton (D)
  A rat (D)
27 creatures vanquished.

Notes
Turn   | Place    | Note
-------+----------+-------------------------------------------
     0 | D        | McKennaii the Demonspawn Fighter began the quest for the
                  | Orb.
     0 | D        | Reached XP level 1. HP: 18/18 MP: 1/1
    14 | D        | Noticed a floating eye
    16 | D        | Paralysed by a floating eye for 4 turns
    23 | D        | Killed a floating eye
    23 | D        | Reached skill level 5 in Fighting
    23 | D        | Reached skill level 3 in Axes
    23 | D        | Reached skill level 5 in Armour
    23 | D        | Gained mutation: You are partially covered in rugged brown
                  | scales. (AC +1, +3% HP) [demonic ancestry]
    23 | D        | Reached XP level 2. HP: 21/27 MP: 2/2
    23 | D        | Reached XP level 3. HP: 26/33 MP: 3/3
    23 | D        | Reached XP level 4. HP: 31/40 MP: 4/4
   103 | D        | Found a bloodstained altar of Trog.
   103 | D        | Found a shimmering blue altar of Sif Muna.
   103 | D        | Found a viscous altar of Jiyva.
   103 | D        | Found a hazy altar of Hepliaklqana.
   103 | D        | Found an opulent altar of Gozag.
   104 | D        | Found a glowing golden altar of the Shining One.
   104 | D        | Found a glowing silver altar of Zin.
   104 | D        | Found a basalt altar of Yredelemnul.
   104 | D        | Found a shimmering altar of Xom.
   104 | D        | Found an ornate altar of the Wu Jian Council.
   104 | D        | Found a sacrificial altar of Ru.
   104 | D        | Found a stormy altar of Qazlal.
   104 | D        | Found an iron altar of Okawaru.
   104 | D        | Found a sparkling altar of Nemelex Xobeh.
   104 | D        | Found a burning altar of Makhleb.
   104 | D        | Found a blossoming altar of Fedhas.
   104 | D        | Found a white marble altar of Elyvilon.
   104 | D        | Found a shadowy altar of Dithmenos.
   104 | D        | Found a snail-covered altar of Cheibriados.
   105 | D        | Found a radiant altar of Vehumet.
   105 | D        | Found a corrupted altar of Lugonu.
   105 | D        | Found a roughly hewn altar of Beogh.
   106 | D        | Found a hide-covered altar of Uskayaw.
   106 | D        | Found an ancient bone altar of Kikubaaqudgha.
   106 | D        | Found a shattered altar of Ashenzari.
   112 | D        | Became a worshipper of Makhleb the Destroyer
   157 | D        | Reached * piety under Makhleb
   157 | D        | Reached skill level 5 in Shields
   203 | D        | Reached ** piety under Makhleb
   211 | D        | Reached *** piety under Makhleb
   309 | D        | Reached skill level 4 in Axes
   317 | D        | Reached XP level 5. HP: 26/47 MP: 5/5
   319 | D        | Reached **** piety under Makhleb
   515 | D        | Reached skill level 5 in Axes
   538 | D        | Reached skill level 1 in Dodging
   540 | D        | Reached ***** piety under Makhleb
   545 | D        | Reached skill level 6 in Axes
   563 | D        | Reached skill level 7 in Axes
   563 | D        | Reached XP level 6. HP: 48/53 MP: 6/6
   614 | D        | Reached skill level 8 in Axes
   619 | D        | Noticed a lindwurm
   629 | D        | Killed from afar by a lindwurm

Levels and vault maps discovered:
D:        pitsprint [storerooms_1, entrance_room_1, metal_vault_1, armoury_2,
          mini_pit_1, grid_room_1, main_hall_1, silver_pit, the_coven_1,
          the_vestibule_1, steel_vault_2, golden_pit, hallway_of_sentries,
          crystal_vault_1, iron_vault_2, final_vault]

Skill      XL: |  1  2  3  4  5  6 |
---------------+-------------------+-----
Fighting       | 5 6 |  6.5
Axes           | 3 4 7 8 |  8.1
Armour         | 5 6 |  6.0
Shields        | 4 5 6 |  6.1
Dodging        | 1 |  1.9

Action                   |  1- 3 |  4- 6 || total
-------------------------+-------+-------++-------
Melee: War axe           |     5 |    37 ||    42
       Hand axe          |       |    76 ||    76
Armor: Scale mail        |       |    23 ||    23
       Chain mail        |       |    47 ||    47
Dodge: Dodged            |       |    24 ||    24
Block: Shield            |       |    51 ||    51
